 Dungeon Crawl Stone Soup version 0.23-b1-13-gf37ab262a9 (webtiles) character file.

Game seed: 12174311839953551238

144 Ihlosi the Skirmisher (level 5, 0/33 HPs)
             Began as a Kobold Fighter on Feb 3, 2019.
             Slain by an orc priest
             ... wielding a +0 club
              (5 damage)
             ... on level 4 of the Dungeon.
             The game lasted 00:04:57 (2714 turns).

Ihlosi the Skirmisher (Kobold Fighter)              Turns: 2714, Time: 00:04:58

Health: 0/33       AC:  6    Str: 14    XL:     5   Next: 52%
Magic:  5/5        EV:  9    Int: 10    God:
Gold:   221        SH:  9    Dex: 14    Spells: 2/4 levels left

rFire    . . .     SeeInvis .   a - +3 mace (holy)
rCold    . . .     Gourm    .   c - +0 shield
rNeg     . . .     Faith    .   b - +0 scale mail
rPois    .         Spirit   .   (no helmet)
rElec    .         Reflect  .   (no cloak)
rCorr    .         Harm     .   (no gloves)
MR       .....     Rnd*Tele +   (no boots)
Stlth    ..........             (no amulet)
HPRegen  0.11/turn              u - ring of teleportation (curse)
MPRegen  0.09/turn              (no ring)

@: no status effects
A: small, carnivore
a: no special abilities


You were on level 4 of the Dungeon.
You were completely stuffed.

You visited 1 branch of the dungeon, and saw 4 of its levels.

You collected 221 gold pieces.

Inventory:

Hand Weapons
 a - a +3 mace of holy wrath (weapon)
 j - a +0 flail
Missiles
 s - 24 bolts
Armour
 b - a +0 scale mail (worn)
 c - a +0 shield (worn)
 t - a +0 plate armour
Jewellery
 u - a cursed ring of teleportation (left hand)
Scrolls
 m - 4 scrolls of identify
Potions
 d - a potion of might
 e - a potion of flight
 g - 3 potions of brilliance
 h - 2 potions of mutation
 i - 2 potions of curing
 l - 2 potions of haste
 q - a potion of heal wounds
Comestibles
 f - 5 rations


   Skills:
 * Level 4.0 Fighting
 * Level 3.0 Maces & Flails
 * Level 3.1 Armour
 * Level 1.4 Dodging
 * Level 2.9 Shields


You had 2 spell levels left.
You knew the following spells:

 Your Spells              Type           Power        Failure   Level  Hunger
a - Blink                 Tloc           N/A          100%        2    ###....

Your spell library contained the following spells:

 Spells                   Type           Power        Failure   Level  Hunger
 Magic Dart               Conj           #...         100%        1    ##.....
 Call Imp                 Summ           #.......     100%        2    ###....
 Slow                     Hex            #.......     100%        2    ###....
 Conjure Flame            Conj/Fire      #.......     100%        3    ####...
 Mephitic Cloud           Conj/Pois/Air  #.......     100%        3    ####...


Dungeon Overview and Level Annotations

Branches:
Dungeon (4/15)
 Temple: D:4-7

Altars:

Annotations:
D:3 2 transporters, Masa's ghost, amateur VSTm


Innate Abilities, Weirdness & Mutations

You are small and have problems with some larger weapons.
You are carnivorous and can eat meat at any time.


Message History

The orc barely misses you.
You closely miss the orc.
The orc is moderately wounded.
You block the orc's attack. The orc barely misses you.
The orc priest calls down the wrath of Beogh upon you.
Beogh smites you!
You sock the orc!
You kill the orc!
The orc priest mumbles some strange prayers to Beogh against you.
Beogh smites you! The orc priest hits you with a +0 club.
* * * LOW HITPOINT WARNING * * *
A worm comes into view.
Found 5 gold pieces.
Things that are here:
a +0 dagger; an orc corpse You sock the orc priest!
The orc priest is heavily wounded.
The orc priest hits you with a +0 club.
You die...

#.# #.. #.# #.#
##.## #... ##$
####.#####w....
#...<..@ooo....
#.########o....
... .


You could see a worm, an orc priest, an orc wizard and 2 orcs.

Vanquished Creatures
  Jessica (D:3)
  5 adders
  3 worms (D:2)
  A dart slug (D:1)
  A leopard gecko (D:3)
  4 orcs
  A ball python (D:1)
  5 giant cockroaches
  8 goblins
  6 hobgoblins
  2 quokkas
  7 bats
  6 frilled lizards
  6 kobolds
  5 rats
61 creatures vanquished.

Notes
Turn   | Place    | Note
-------+----------+-------------------------------------------
     0 | D:1      | Ihlosi the Kobold Fighter began the quest for the Orb.
     0 | D:1      | Reached XP level 1. HP: 14/14 MP: 1/1
   210 | D:1      | Reached XP level 2. HP: 15/19 MP: 2/2
   549 | D:1      | Reached XP level 3. HP: 20/23 MP: 3/3
   739 | D:2      | Found a faded altar of an unknown god.
  1175 | D:2      | Reached XP level 4. HP: 24/29 MP: 4/4
  1545 | D:2      | Reached skill level 1 in Dodging
  1677 | D:3      | Noticed Jessica
  1692 | D:3      | Killed Jessica
  1831 | D:3      | Reached XP level 5. HP: 25/33 MP: 5/5
  1867 | D:3      | Learned a level 2 spell: Blink
  1869 | D:3      | Found a transporter.
  1880 | D:3      | Found a transporter.
  1883 | D:3      | Noticed Masa's ghost (amateur VSTm)
  2621 | D:3      | Reached skill level 4 in Fighting
  2714 | D:4      | Slain by an orc priest

Skill      XL: |  1  2  3  4  5 |
---------------+----------------+-----
Maces & Flails | 2 3 |  3.0
Dodging        | 1 |  1.4
Armour         | 3 |  3.1
Fighting       | 4 |  4.0
Shields        | |  2.9

Action                   |  1- 3 |  4- 6 || total
-------------------------+-------+-------++-------
Melee: Flail             |    22 |       ||    22
       Mace              |    61 |   102 ||   163
  Use: Scroll            |       |    11 ||    11
  Eat: Chunk             |     7 |     7 ||    14
Armor: Scale mail        |    29 |    31 ||    60
Dodge: Dodged            |    29 |    31 ||    60
Block: Shield            |    49 |    47 ||    96
